 Dungeon Crawl Stone Soup version 0.28.0-45-g0d030f2227 (webtiles) character file.

Game seed: 966834844234533596

51 NinjaNoafa the Firebug (level 3, -8/28 HPs)
             Began as a Draconian Fire Elementalist on Apr 12, 2022.
             Killed by divine providence
             ... invoked by an orc priest
              (12 damage)
             ... on level 2 of the Dungeon.
             The game lasted 00:02:45 (1183 turns).

NinjaNoafa the Firebug (DrFE)                       Turns: 1183, Time: 00:02:45

Health: -8/28      AC:  9    Str: 10    XL:     3   Next: 58%
Magic:  4/6        EV: 12    Int: 17    God:
Gold:   53         SH:  0    Dex: 11    Spells: 5/6 levels left

rFire   . . .      SeeInvis .   i - +2 dagger (elec)
rCold   . . .      Faith    .   (no shield)
rNeg    . . .      Spirit   .   (armour unavailable)
rPois   .          Reflect  .   (helmet restricted)
rElec   .          Harm     .   (no cloak)
rCorr   .          Rampage  .   (no gloves)
Will    .....                   (no boots)
Stlth   ++........              (no amulet)
HPRegen 0.09/turn               d - ring of wizardry
MPRegen 0.10/turn               b - +4 ring of protection

@: no status effects
A: AC +5, unfitting armour, cold-blooded
a: no special abilities


You were on level 2 of the Dungeon.
You visited 1 branch of the dungeon, and saw 2 of its levels.

You collected 53 gold pieces.

Inventory:

Hand Weapons
 i - a +2 dagger of electrocution (weapon)
 k - a +2 dagger of speed
Missiles
 e - 29 stones
Jewellery
 a - a ring of ice
 b - a +4 ring of protection (right hand)
 d - a ring of wizardry (left hand)
Scrolls
 f - a scroll of fog {unknown}
 j - a scroll of magic mapping {unknown}
Potions
 c - a potion of haste {unknown}
 g - a potion of curing {unknown}
 h - a potion of berserk rage {unknown}


   Skills:
 + Level 1.1 Fighting
 + Level 2.7 Dodging
 + Level 2.8 Stealth
 - Level 2.0 Spellcasting
 - Level 1.0 Conjurations
 - Level 3.0 Fire Magic


You had 5 spell levels left.
You knew the following spells:

 Your Spells              Type           Power      Damage    Failure   Level
a - Foxfire               Conj/Fire      32%        2x1d5     3%          1

Your spell library contained the following spells:

 Spells                   Type           Power      Damage    Failure   Level
 Scorch                   Fire           22%        2d6       3%          2
 Summon Small Mammal      Summ           4%         N/A       8%          1
 Conjure Flame            Conj/Fire      8%         6-21      11%         3
 Inner Flame              Hex/Fire       6%         N/A       12%         3
 Call Canine Familiar     Summ           1%         N/A       22%         3
 Summon Guardian Golem    Hex/Summ       1%         N/A       22%         3
 Flame Wave               Conj/Fire      8%         2d5       32%         4


Dungeon Overview and Level Annotations

Branches:
Dungeon (2/15)

Altars:


Innate Abilities, Weirdness & Mutations

Your plain brown scales are hard. (AC +5)
You cannot fit into any form of body armour.
You are cold-blooded and may be slowed by cold attacks.


Message History

Confirm with . or Enter, or press ? or * to list all spells.
You conjure some foxfire!
The foxfire hits the kobold but does no damage.
You hit the kobold.
You kill the kobold!
Your foxfire dissipates!
Items here: ( ))) [ †.
k - a +2 dagger of speed The orc priest closely misses you.
Okay, then.
You hit the orc priest but do no damage.
The orc priest mumbles some strange prayers to Beogh against you.
Beogh smites you!
You barely miss the orc priest. You tail-slap the orc priest.
The orc priest is lightly wounded.
The orc priest hits you but does no damage.
You barely miss the orc priest.
The orc priest is lightly wounded.
The orc priest mumbles some strange prayers to Beogh against you.
Beogh smites you!
Ouch! That really hurt!
* * * LOW HITPOINT WARNING * * *
You hit the orc priest.
Lightning courses through the orc priest!
You punch the orc priest, but do no damage.
The orc priest is almost dead.
The orc priest closely misses you.
Casting: Foxfire (safe; 3% risk of failure)
Confirm with . or Enter, or press ? or * to list all spells.
You conjure some foxfire!
The orc priest barely misses you.
Your foxfire dissipates!
The foxfire hits the orc priest.
The orc priest is almost dead.
You see here a black potion.
Casting: Foxfire (safe; 3% risk of failure)
Confirm with . or Enter, or press ? or * to list all spells.
You conjure some foxfire!
The orc priest mumbles some strange prayers to Beogh against you.
Beogh smites you!
You die...

#####
.....#
###..$..#
#.......#
###.#....
##v..>.#
#@o†<#
##v(##
###)....#
.......
#......
######


You could see an orc priest (ally target).

Vanquished Creatures
  An orc wizard (D:2)
  A dart slug (D:1)
  2 orcs (D:2)
  2 ball pythons (D:1)
  An endoplasm (D:1)
  A giant cockroach (D:2)
  A goblin (D:1)
  2 hobgoblins (D:1)
  4 kobolds
  A quokka (D:1)
  2 frilled lizards (D:1)
  3 rats (D:1)
21 creatures vanquished.

Vanquished Creatures (others)
  35 foxfires
35 creatures vanquished.

Grand Total: 56 creatures vanquished

Notes
Turn   | Place    | Note
-------+----------+-------------------------------------------
     0 | D:1      | NinjaNoafa the Draconian Fire Elementalist began the quest
                  | for the Orb.
     0 | D:1      | Reached XP level 1. HP: 14/14 MP: 3/3
   140 | D:1      | Found a faded altar of an unknown god.
   482 | D:1      | Reached XP level 2. HP: 20/20 MP: 3/5
  1161 | D:2      | Reached skill level 1 in Fighting
  1161 | D:2      | Reached XP level 3. HP: 28/28 MP: 6/6
  1183 | D:2      | Killed from afar by an orc priest

Illustrated notes

Levels and vault maps discovered:
D:1:      dpeg_arrival_tiny_g, layout_loops_corners,
          ebering_ecumenical_altar_webs
D:2:      minmay_alternating_diamond, layout_rooms, serial_shops,
          nicolae_shop_stone, basic_altar

Skill      XL: |  1  2 |
---------------+-------+-----
Stealth        | 2 |  2.8
Dodging        | 2 |  2.7
Fighting       | 1 |  1.1
Spellcasting   | |  2.0
Conjurations   | |  1.0
Fire Magic     | |  3.0

Action                   || total
-------------------------++-------
Melee: Unarmed           ||    20
       Dagger            ||    23
       Tailslap          ||     4
       Punch             ||     1
 Cast: Foxfire           ||    28
 Stab: Sleeping          ||     1
Armor: Skin              ||    21
Dodge: Dodged            ||    33
